 Dungeon Crawl Stone Soup version 0.30.0-20-g3615ddf2f0 (webtiles) character file.

Game seed: 2377154275217754655

52 qw the Chopper (level 3, 0/23 HPs)
             Began as a Gargoyle Fighter on May 28, 2023.
             Splashed by a jelly's acid (4 damage)
             ... on level 2 of the Dungeon.
             The game lasted 00:00:35 (1228 turns).

qw the Chopper (Gargoyle Fighter)                   Turns: 1228, Time: 00:00:36

Health: 0/23       AC:  7    Str: 21    XL:     3   Next: 85%
Magic:  3/3        EV:  9    Int:  8    God:
Gold:   10         SH:  4    Dex:  9    Spells: 2/2 levels left

rFire   . . .        Y - +0 war axe
rCold   . . .        c - +0 buckler
rNeg    + . .        b - +0 scale mail
rPois   inf          o - +0 helmet
rElec   +            (no cloak)
rCorr   .            (no gloves)
SInv    .            (no boots)
Will    .....        i - amulet of regeneration Stlth
                     (no ring)
HPRegen 1.03/turn    (no ring)
MPRegen 0.08/turn

%: no passive effects
@: corroded
A: sickness immunity, AC +3, negative energy resistance 1, electricity
resistance, torment resistance 1, petrification resistance
a: no special abilities


You were on level 2 of the Dungeon.
You visited 1 branch of the dungeon, and saw 2 of its levels.

You collected 55 gold pieces.
You spent 45 gold pieces at shops.


Innate Abilities, Weirdness & Mutations

You are immune to sickness and miasma.
Your stone body is resilient. (AC +3)
You are immune to poison.
You resist negative energy. (rN+)
You are resistant to electric shocks. (rElec)
You are resistant to unholy torment.
You are immune to petrification.


   Skills:
 - Level 3.2 Fighting
 + Level 3.6 Axes
 - Level 3.2 Armour
 - Level 3.2 Shields


You had 2 spell levels left.
You didn't know any spells.
Your spell library was empty.

Inventory:

Hand Weapons
 n - a +0 whip
 Y - a +0 war axe (weapon)
Missiles
 j - a boomerang (quivered)
Armour
 b - a +0 scale mail (worn)
 c - a +0 buckler (worn)
 e - a +0 pair of gloves
 o - a +0 helmet (worn)
Jewellery
 i - an amulet of regeneration (around neck)
 k - a ring of flight
Scrolls
 a - a scroll of vulnerability {unknown}
Potions
 d - a potion of might
 f - a potion of brilliance {unknown}
 g - 2 potions of heal wounds {unknown}
 h - 2 potions of degeneration {unknown}
 l - a potion of mutation {unknown}
 m - a potion of invisibility {unknown}

Dungeon Overview and Level Annotations

Branches:
Dungeon (2/15)

Altars:

Shops:
D:1 [


Message History

Enter note:
Enter note: You throw a boomerang.
The boomerang hits the endoplasm but does no damage.
A jelly comes into view.
The jelly moves out of view.
A jelly comes into view.
1215 ||| Stepping ~*~*~tactically~*~*~ (stealth).
The jelly moves out of view.
An endoplasm comes into view.
The endoplasm quivers.
The endoplasm moves out of view.
You hit the endoplasm.
You kill the endoplasm!
You barely miss the endoplasm. The endoplasm freezes you.
You are frozen.
You slash the endoplasm!
You kill the endoplasm!
You start resting.
HP restored.
A jelly and 5 endoplasms come into view.
Found two hobgoblin skeletons, a bat skeleton and a chain mail.
The endoplasm quivers.
The jelly quivers.
The endoplasm quivers. x3
The jelly quivers.
The endoplasm quivers.
The jelly hits you but does no damage.
There is an open door here.
Enter note:
Enter note: You hit the jelly.
Your hands burn!
The jelly is moderately wounded.
A nearby fungus withers and dies.
The jelly hits you.
You are splashed with acid!
You hit the jelly. The acid corrodes you!
Your hands burn!
The jelly is heavily wounded.
The jelly hits you but does no damage. x2
You hit the jelly.
Your hands burn!
The jelly is severely wounded.
You hit the jelly but do no damage.
Your hands burn!
You die...

...##.#
##########
#.##.#
[......P%#
#.<..####
%P.......#
#.##.....
%......P.#
#....####
.P.PJP...#
###..# #.
....JJJJ.#
#..###.
...%.JJJ.#
#..#...
#######@#
##.....
##).....##
#.###.
#.########
#.....
##..'....#
######
####....#
#..
#.......#
#..
#.......#
###..
#.......#
#....
#.......#
#.#..


You could see 3 jellies and 5 endoplasms.

Vanquished Creatures
  An adder (D:2)
  A ball python (D:1)
  6 endoplasms
  2 giant cockroaches
  6 goblins
  4 hobgoblins
  2 jackals (D:1)
  A bat (D:2)
  A frilled lizard (D:1)
  10 kobolds
  3 rats (D:1)
37 creatures vanquished.

Notes
Turn   | Place    | Note
-------+----------+-------------------------------------------
     0 | D:1      | qw the Gargoyle Fighter began the quest for the Orb.
     0 | D:1      | Reached XP level 1. HP: 14/14 MP: 1/1
     0 | D:1      | 0 ||| qw: Version: 0.2-a-101-gf8a7cd0
     0 | D:1      | 0 ||| qw: Game counter: 258
     0 | D:1      | 0 ||| qw: Always use a shield: true
     0 | D:1      | 0 ||| qw: God list: Okawaru
     0 | D:1      | 0 ||| qw: Allow faded altars: false
     0 | D:1      | 0 ||| qw: Do Orc after D:15 true
     0 | D:1      | 0 ||| qw: Do second Lair branch before Depths: true
     0 | D:1      | 0 ||| qw: Lair rune preference: random
     0 | D:1      | 0 ||| qw: Plans: Normal, Zot:1-4, Slime:5, God:TSO, Crypt,
                  | Tomb, Pan, Hells, Abyss, Win
     0 | D:1      | 0 ||| PLANNING D:1-11
   129 | D:1      | Found Dirun's Armour Emporium.
   296 | D:1      | Reached XP level 2. HP: 19/19 MP: 2/2
   790 | D:1      | 790 ||| Stepping ~*~*~tactically~*~*~ (stealth).
   794 | D:1      | Reached skill level 3 in Axes
   836 | D:1      | Reached XP level 3. HP: 23/23 MP: 3/3
   870 | D:1      | 870 ||| BUYING +0 helmet (45 gold).
   870 | D:1      | Bought a +0 helmet for 45 gold pieces
   870 | D:1      | 870 ||| SHOPLISTING +0 plate armour of Aseob {rElec rCorr
                  | MP+9 Slay+3} (741 gold, have 0).
   932 | D:1      | 932 ||| UPGRADING to +0 helmet.
   937 | D:1      | 937 ||| UPGRADING to amulet of regeneration.
   942 | D:1      | 942 ||| READING 2 scrolls labelled MEAQEU YHADD.
   943 | D:1      | 943 ||| READING scroll labelled VUGGOCV SUCRI.
   944 | D:1      | 944 ||| READING scroll labelled UKAJA DOMEYXU.
   945 | D:1      | 945 ||| DROPPING scroll of magic mapping.
  1026 | D:2      | 1026 ||| Stepping ~*~*~tactically~*~*~ (stealth).
  1188 | D:2      | 1188 ||| DROPPING +0 club.
  1215 | D:2      | 1215 ||| Stepping ~*~*~tactically~*~*~ (stealth).
  1228 | D:2      | HP: 4/23 [acid (5)]
  1228 | D:2      | Splashed by a jelly's acid

Levels and vault maps discovered:
D:1:      sevenhm_arrival_forest_fort_large_2, layout_basic, serial_shops,
          nicolae_shop_tiny_waterfront
D:2:      cheibrodos_fertilizer, layout_basic,
          shapermc_ecumenical_altar_pompeii, kennysheep_generic_room_5,
          uniq_crazy_yiuf_cottage, uniq_robin

Skill      XL: |  1  2 |
---------------+-------+-----
Axes           | 2 3 |  3.6
Fighting       | |  3.2
Armour         | |  3.2
Shields        | |  3.2

Action                     || total
---------------------------++-------
  Melee: War axe           ||   104
  Throw: Boomerang         ||    32
    Use: Scroll            ||     3
 Armour: Scale mail        ||    58
  Dodge: Dodged            ||    43
  Block: Buckler           ||    15

Table legend:
 A = Non-vault XP
 B = Vault XP
 C = Vault XP percentage of total XP
 D = Non-vault monster count
 E = Vault monster count
 F = Vault count percentage of total count
                 A         B        C        D         E       F
            +---------+---------+-------+---------+---------+-------
      Total |      57 |      18 |  24.0 |      26 |      11 |  29.7
            +---------+---------+-------+---------+---------+-------
        D:1 |      35 |       0 |   0.0 |      20 |       0 |   0.0
        D:2 |      22 |      18 |  45.0 |       6 |      11 |  64.7
            +---------+---------+-------+---------+---------+-------
